 Dungeon Crawl Stone Soup version 0.10.4 character file.

271 FogeTM the Spear-Bearer (level 5, 0/39 HPs)
             Began as a Merfolk Death Knight on Apr 2, 2021.
             Was a Believer of Yredelemnul.
             Slain by a slave (9 damage)
             ... led by Pikel
             ... on Level 4 of the Dungeon.
             The game lasted 00:16:15 (3166 turns).

FogeTM the Spear-Bearer (Merfolk Death Knight)      Turns: 3166, Time: 00:16:15

HP   0/39        AC  4     Str 13      XL: 5   Next: 10%
MP   8/8         EV 11     Int 11      God: Yredelemnul [**....]
Gold 144         SH  0     Dex 14      Spells:  0 memorised,  4 levels left

Res.Fire  : . . .   See Invis. : .   a - +1 spear {=f}
Res.Cold  : . . .   Warding    : . . b - +0 leather armour
Life Prot.: . . .   Conserve   : .   (no shield)
Res.Acid. : . . .   Res.Corr.  : .   (no helmet)
Res.Poison: .       Clarity    : .   (no cloak)
Res.Elec. : .       Spirit.Shd : .   l - +0 pair of gauntlets
Sust.Abil.: . .     Stasis     : .   (no boots)
Res.Mut.  : .       Ctrl.Telep.: .   (no amulet)
Res.Rott. : .       Levitation : .   (no ring)
Saprovore : . . .   Ctrl.Flight: .   (no ring)

@: slightly resistant to hostile enchantments, unstealthy
A: change form in water, swift swim
a: Animate Remains, Recall Undead Slaves, Injury Mirror, Renounce Religion


You were on level 4 of the Dungeon.
You worshipped Yredelemnul.
Yredelemnul was greatly pleased with you.
You were hungry.

You visited 1 branch of the dungeon, and saw 4 of its levels.

You collected 124 gold pieces.

Inventory:

Hand weapons
 a - a +1,+1 spear (weapon) {=f}
Missiles
 e - 5 +0 darts
 v - 2 +2 darts
 x - 3 poisoned +0 javelins (quivered)
Armour
 b - a +0 leather armour (worn)
 l - a +0 pair of gauntlets (worn)
Comestibles
 c - 2 bread rations
 w - an apple
 z - an apricot
 A - a meat ration
Scrolls
 k - 2 scrolls of fear
 n - a scroll of enchant weapon I {unknown}
 o - a scroll of remove curse {unknown}
 s - a scroll of random uselessness {unknown}
 t - a scroll of teleportation {unknown}
Potions
 d - 2 potions of agility {unknown}
 f - 2 potions of magic {unknown}
 g - a potion of confusion {unknown}
 i - 3 potions of curing
 m - a potion of restore abilities {unknown}
 r - a potion of invisibility {unknown}
 u - 2 potions of heal wounds {unknown}


   Skills:
 - Level 2.1 Fighting
 + Level 9.3 Polearms
 - Level 0.6 Armour
 - Level 1.3 Dodging
 - Level 3.0 Invocations


You had 4 spell levels left.
You didn't know any spells.

Dungeon Overview and Level Annotations

Branches:
Dungeon (4/27)
 Temple: D:4-7

Altars:
Ashenzari

Annotations
D:3 Sigmund


Message History

You throw a throwing net. The throwing net misses the slave.
The slave closely misses you.
You hit the slave.
The slave is lightly wounded.
Quiver which item? (- for none, * to show all) (? for menu, Esc to quit)
Quivering
x - 5 poisoned javelins for throwing.
Throwing (i - inventory. (,) - cycle):
x - 5 poisoned javelins (quivered)
Press: ? - help, Shift-Dir - straight line, f/p - slave
Aim: a slave wearing an animal skin (lightly wounded)
You throw a poisoned javelin. The poisoned javelin misses the slave.
The slave hits you!
* * * LOW HITPOINT WARNING * * *
Throwing (i - inventory. (,) - cycle):
x - 4 poisoned javelins (quivered)
Press: ? - help, Shift-Dir - straight line, f/p - slave
Aim: a slave wearing an animal skin (lightly wounded)
You throw a poisoned javelin. The poisoned javelin hits the slave.
The slave is lightly wounded.
The slave hits you!
You die...
Your body rises from the dead as a mindless zombie.

...................#
##......#.###......#
###.#####.# #......#
....#####.# #......#
..........# ####.###
....##....# #.#
....##....# #.#
....####..# #.#
....# #..# #@# ....#
#..# #@# ...## ####
#.# ...### #######[#
>....# #......(#
...### #..########
...# ...# ...#


You could see a slave.

Vanquished Creatures
  A slave (D:4)
  3 adders (D:4)
  A giant mite (D:4)
  3 worms
  A giant eyeball (D:4)
  3 giant geckos
  An ooze (D:1)
  7 bats
  3 giant cockroaches
  5 goblins
  8 hobgoblins
  4 jackals (D:4)
  11 kobolds
  A quokka (D:4)
  A ball python (D:3)
  4 giant newts
  15 rats
72 creatures vanquished.

Vanquished Creatures (others)
  A giant cockroach zombie (D:4)
  A hobgoblin skeleton (D:3)
  A quokka zombie (D:4)
  2 rat zombies
  A toadstool (D:1)
6 creatures vanquished.

Grand Total: 78 creatures vanquished

Notes
Turn   | Place    | Note
--------------------------------------------------------------
     0 | D:1      | FogeTM, the Merfolk Death Knight, began the quest for the Orb.
     0 | D:1      | Reached XP level 1. HP: 16/16 MP: 2/2
   281 | D:1      | Reached skill level 4 in Polearms
   281 | D:1      | Reached XP level 2. HP: 20/22 MP: 4/4
   540 | D:1      | Reached skill level 5 in Polearms
   961 | D:1      | Reached XP level 3. HP: 25/27 MP: 5/5
  1046 | D:2      | Reached skill level 6 in Polearms
  1310 | D:2      | Acquired Yredelemnul's second power
  1322 | D:2      | Found a shattered altar of Ashenzari.
  1402 | D:2      | Reached skill level 7 in Polearms
  2312 | D:3      | Reached XP level 4. HP: 32/34 MP: 7/7
  2324 | D:3      | Reached skill level 8 in Polearms
  2390 | D:3      | Noticed Sigmund
  2816 | D:4      | Reached skill level 9 in Polearms
  2968 | D:4      | Reached XP level 5. HP: 39/39 MP: 8/8
  3166 | D:4      | Slain by a slave
